 Dungeon Crawl Stone Soup version 0.29-a0-700-g2f1814c7b2 (webtiles) character file.

Game seed: 10438699918981676139

114 lunkers the Insei (level 5, -1/40 HPs)
             Began as a Meteoran Transmuter on June 25, 2022.
             Slain by a gnoll
             ... wielding a +0 halberd
             ... led by a gnoll shaman
              (12 damage)
             ... on level 4 of the Dungeon.
             The game lasted 00:04:37 (931 turns).

lunkers the Insei (Meteoran Transmuter)              Turns: 931, Time: 00:04:37

Health: -1/40      AC:  3    Str: 12    XL:     5   Next: 43%
Magic:  7/10       EV: 12    Int: 14    God:
Gold:   71         SH:  0    Dex: 16    Spells: 3/9 levels left

rFire   . . .      SeeInvis .     - Unarmed
rCold   . . .      Faith    .   (no shield)
rNeg    . . .      Spirit   .   a - +0 robe
rPois   .          Reflect  .   n - +0 helmet
rElec   .          Harm     .   (no cloak)
rCorr   .          Rampage  .   (no gloves)
Will    .....                   (no boots)
Stlth   +.........              (no amulet)
HPRegen 0.13/turn               (no ring)
MPRegen 0.12/turn               (no ring)

@: glowing
A: sense surroundings 1, otherworldly, glowing, explore regen
a: no special abilities


You were on level 4 of the Dungeon.
You visited 1 branch of the dungeon, and saw 4 of its levels.

You collected 71 gold pieces.

Inventory:

Armour
 a - a +0 robe (worn)
 n - a +0 helmet (worn)
Wands
 k - a wand of flame (16)
Scrolls
 e - 2 scrolls of teleportation {unknown}
 f - a scroll of magic mapping {unknown}
 i - 2 scrolls of vulnerability {unknown}
 m - a scroll of enchant armour {unknown}
Potions
 b - a potion of lignification
 c - a potion of heal wounds {unknown}
 d - a potion of cancellation {unknown}
 g - a potion of flight {unknown}
 h - a potion of resistance {unknown}
 j - a potion of magic {unknown}
 l - a potion of brilliance {unknown}


   Skills:
 - Level 1.1 Fighting
 - Level 2.4 Dodging
 * Level 5.8 Unarmed Combat
 - Level 2.6 Spellcasting
 + Level 3.9 Transmutations


You had 3 spell levels left.
You knew the following spells:

 Your Spells              Type           Power      Damage    Failure   Level
b - Wereblood             Tmut           12%        N/A       7%          2
c - Spider Form           Tmut/Pois      7%         N/A       30%         3
p - Beastly Appendage     Tmut           24%        N/A       4%          1

Your spell library contained the following spells:

 Spells                   Type           Power      Damage    Failure   Level
 Summon Small Mammal      Summ           4%         N/A       22%         1
 Call Canine Familiar     Summ           1%         N/A       54%         3
 Summon Guardian Golem    Hex/Summ       1%         N/A       54%         3
 Ice Form                 Ice/Tmut       7%         N/A       69%         4


Dungeon Overview and Level Annotations

Branches:
Dungeon (4/15) Zot: 1474
 Temple: D:4-7

Altars:

Shops:
D:1 ?   D:3 ?


Innate Abilities, Weirdness & Mutations

You passively map a small area around you.
You are easily found by Zot.
You glow in the dark.
You regain HP and MP as you explore.


Message History

A gnoll comes into view. It is wielding a +0 halberd.
A gnoll comes into view. It is wielding a +0 flail.
The gnoll shouts!
Found a scroll labelled PUERUB LUIPIMO.
Your transformation is almost over.
The gnoll completely misses you.
You hit the gnoll.
The gnoll is poisoned.
The gnoll is moderately wounded.
You hit the gnoll but do no damage.
The gnoll looks as sick as possible!
The gnoll is moderately wounded.
The gnoll hits you with a +0 flail!
You bite the gnoll!
You kill the gnoll!
The gnoll shaman misses you.
You have reached level 5!
You hit the gnoll shaman.
The gnoll shaman is poisoned.
The gnoll shaman is lightly wounded.
The gnoll hits you from afar with a +0 halberd!
* * * LOW HITPOINT WARNING * * *
The gnoll shaman hits you with a +0 club.
* * * LOW HITPOINT WARNING * * *
You hit the gnoll shaman but do no damage.
The gnoll shaman looks as sick as possible!
The gnoll shaman is lightly wounded.
The gnoll misses you. The gnoll shaman closely misses you.
Unknown command.
You hit the gnoll shaman.
The gnoll shaman looks as sick as possible!
The gnoll shaman is heavily wounded.
The gnoll completely misses you. The gnoll shaman closely misses you.
Unknown command.
The gnoll completely misses you.
The gnoll shaman hits you with a +0 club.
* * * LOW HITPOINT WARNING * * *
You kill the gnoll shaman!
Your transformation has ended.
Your +0 helmet unmelds from your body.
Your +0 robe unmelds from your body.
There is a stone staircase leading up here.
The gnoll hits you from afar with a +0 halberd!
You die...

* * , , , * , #
* * * * .##### ,
, , ....# , , *
* ##..####.##.
##....)...?..
,*#..)..#* ,*,
,*#.@.g)#
#.>.....g......
,
#####.#####...#*
#.# ** ..., #..
,, . #.# , #.#
#.# ,, , *


You could see 2 gnolls.

Vanquished Creatures
  A gnoll shaman (D:4)
  Ijyb (D:3)
  A gnoll (D:4)
  2 adders (D:3)
  2 orcs (D:3)
  2 ball pythons (D:2)
  A bat (D:3)
  3 endoplasms
  2 giant cockroaches
  6 goblins
  3 hobgoblins
  2 quokkas
  5 kobolds
  5 rats
36 creatures vanquished.

Notes
Turn   | Place    | Note
-------+----------+-------------------------------------------
     0 | D:1      | lunkers the Meteoran Transmuter began the quest for the
                  | Orb.
     0 | D:1      | Reached XP level 1. HP: 16/16 MP: 5/5
    94 | D:1      | Found Jough's Magic Scroll Boutique.
   208 | D:1      | Reached XP level 2. HP: 23/23 MP: 4/6
   232 | D:1      | Reached skill level 4 in Unarmed Combat
   247 | D:2      | Learned a level 2 spell: Wereblood
   552 | D:2      | Reached XP level 3. HP: 26/28 MP: 8/8
   556 | D:2      | Learned a level 3 spell: Spider Form
   561 | D:3      | Found Codivomo's Magic Scroll Shop.
   630 | D:3      | Noticed Ijyb
   691 | D:3      | Killed Ijyb
   692 | D:3      | Reached skill level 5 in Unarmed Combat
   692 | D:3      | Reached XP level 4. HP: 25/35 MP: 6/9
   925 | D:4      | Reached XP level 5. HP: 27/40 MP: 6/10
   931 | D:4      | Slain by a gnoll

Illustrated notes

Levels and vault maps discovered:
D:1:      lemuel_arrival_muddy, layout_rooms, serial_shops, shop_fountains,
          hellmonk_ecumenical_altar_leap_of_faith
D:2:      layout_basic, kennysheep_generic_room_3
D:3:      layout_basic, serial_shops, nicolae_shop_hallway_stairs,
          wad_floor_pattern_untrapped, uniq_ijyb
D:4:      layout_loops_cross, minmay_misc_feat_encased, skrybe_limestone_x,
          uniq_sigmund

Skill      XL: |  1  2  3 |
---------------+----------+-----
Unarmed Combat | 4 5 |  5.8
Transmutations | 3 |  3.9
Fighting       | |  1.1
Dodging        | |  2.4
Spellcasting   | |  2.6

Action                   |  1- 3 |  4- 6 || total
-------------------------+-------+-------++-------
Melee: Unarmed           |    62 |    26 ||    88
       Punch             |     3 |       ||     3
       Headbutt          |     2 |       ||     2
       Kick              |     5 |       ||     5
 Cast: Beastly Appendage |    14 |       ||    14
       Spider Form       |     2 |     4 ||     6
Armor: Robe              |     5 |     2 ||     7
       Skin              |     1 |       ||     1
Dodge: Dodged            |    29 |    17 ||    46

Table legend: (Time is in decaauts)
 A = Elapsed time spent in this place.
 B = Non-inter-level travel time spent in this place.
 C = Inter-level travel time spent in this place.
 D = Time resting spent in this place.
 E = Time spent auto-exploring this place.
 F = Levels seen in this place.
 G = Mean time per level.
                   A        B        C        D        E       F      G
               +--------+--------+--------+--------+--------+-----+--------+
         Total |    924 |    924 |      0 |      0 |    417 |   4 |  231.0 |
       Dungeon |    924 |    924 |      0 |      0 |    417 |   4 |  231.0 |
               +--------+--------+--------+--------+--------+-----+--------+

Top non-repeatable levels by time:
     D:2: 339 daAuts
     D:3: 328 daAuts
     D:1: 243 daAuts
     D:4: 13 daAuts
